 Dungeon Crawl Stone Soup version 0.30-a0-122-g2a1322497e (webtiles) character file.

Game seed: 5230912739768503441

154 Engwar the Caller (level 5, -4/21 HPs)
             Began as a Felid Summoner on Sept 15, 2022.
             Was an Initiate of Elyvilon.
             Killed by divine providence
             ... invoked by an orc priest
              (10 damage)
             ... on level 3 of the Dungeon.
             The game lasted 00:12:38 (4155 turns).

Engwar the Caller (Felid Summoner)                  Turns: 4155, Time: 00:12:39

Health: -4/21      AC:  1    Str:  4    XL:     5   Next: 13%
Magic:  9/12       EV: 18    Int: 18    God:    Elyvilon [......]
Gold:   114        SH:  0    Dex: 17    Spells: 3/12 levels left
                                        Lives:  0   Deaths: 1

rFire   . . .      SeeInvis +    (weapon unavailable)
rCold   + . .      Faith    .    (shield unavailable)
rNeg    . . .      Spirit   .    (body armour unavailable)
rPois   .          Reflect  .    (helmet unavailable)
rElec   .          Harm     .    (cloak unavailable)
rCorr   .          Rampage  .    (gloves unavailable)
Will    .....                    (boots unavailable)
Stlth   ++........               (no amulet)
HPRegen 0.07/turn                f - ring of protection from cold
MPRegen 0.13/turn                (no ring)

@: quick
A: very small, claws 1, fangs 3, see invisible, speed 1, shaggy fur 1, stealthy
paws, no weapons or thrown items, no armour, multi-lived
a: Renounce Religion


You were on level 3 of the Dungeon.
You worshipped Elyvilon.
Elyvilon was noncommittal.
You visited 1 branch of the dungeon, and saw 3 of its levels.

You collected 114 gold pieces.

Inventory:

Jewellery
 f - a ring of protection from cold (left paw)
Wands
 d - a wand of flame (22)
 h - a wand of polymorph (6)
Scrolls
 b - a scroll of blinking
 c - a scroll of enchant armour {unknown}
 g - a scroll of immolation
Potions
 a - a potion of magic
 i - a potion of berserk rage
 j - a potion of attraction


   Skills:
 + Level 0.5 Fighting
 + Level 3.2 Dodging
 - Level 3.0 Stealth
 + Level 4.0 Spellcasting
 + Level 1.2 Hexes
 + Level 5.6 Summonings


You had 3 spell levels left.
You knew the following spells:

 Your Spells              Type           Power      Damage    Failure   Level
a - Summon Small Mammal   Summ           92%        N/A       1%          1
b - Call Imp              Summ           23%        N/A       2%          2
c - Call Canine Familiar  Summ           23%        N/A       4%          3
d - Summon Guardian Gole  Hex/Summ       16%        N/A       11%         3

Your spell library contained the following spells:

 Spells                   Type           Power      Damage    Failure   Level
 Summon Lightning Spire   Summ/Air       13%        N/A       41%         4


Dungeon Overview and Level Annotations

Branches:
Dungeon (3/15)

Altars:
Elyvilon
Okawaru
Uskayaw

Annotations:
D:3 2 runed translucent doors


Innate Abilities, Weirdness & Mutations

You have sharp claws.
You have razor-sharp teeth.
You have supernaturally acute eyesight. (SInv)
You cover ground quickly. (Speed+)
You are covered in fur. (AC +1)
Your paws help you pounce on unaware monsters.
You are incapable of wielding weapons or throwing items.
You cannot wear armour.
You gain extra lives every three experience levels.


Message History

An orc is nearby!
Casting: Call Canine Familiar (quite dangerous; 4% risk of failure)
Confirm with . or Enter, or press ? or * to list all spells.
What are your orders? t - Meow!
Orders for allies: a - Attack new target. r - Retreat! s - Stop attacking. g - Guard the area. f - Follow me.
Anything else - Cancel.
Gang up on whom?
Press: ? - help, Dir - move target, f - orc
Aim: an orc, wielding a +0 flail (asleep, ally target) Attack!
Your hound bites the orc!
The orc dies!
Your hound is smitten.
Your hound dies!
Your hound's corpse disappears in a puff of smoke!
You hear a shout! x3
You hear a shout! x2
An orc wizard comes into view. It is wielding a +0 dagger.
An orc priest comes into view. It is wielding a +0 club.
There are monsters nearby!
Casting: Call Canine Familiar (quite dangerous; 4% risk of failure)
Confirm with . or Enter, or press ? or * to list all spells.
The orc wizard shouts!
You hear a shout!
The orc wizard mumbles some strange words.
The orc wizard flickers and vanishes for a moment.
The orc priest calls down the wrath of Beogh upon you.
Beogh smites you!
Ouch! That really hurt!
* * * LOW HITPOINT WARNING * * *
You see here a rat corpse.
You swap places.
Your hound bites the orc priest.
Your hound barely misses the orc priest.
The orc priest closely misses your hound.
Your hound barely misses the orc priest.
The orc priest mumbles some strange prayers to Beogh against you.
Beogh smites you!
You die...

(.....oo. ..#
....o.... . #.#
......ooo. #.#.
#.# .#..8...8.
###.#.##.##
#.#........
.....#... o.
###.#.#..# .#
.........#####.#
#.......@hoo.#
###.#.########
#...# ###.# #.#
#.# #.# ♣♣♣
#.#####♣♣
♣♣♣.♣♣♣
#.#.....♣♣
♣♣.....♣♣


You could see an orc priest (ally target), an orc wizard (invisible) and a
friendly hound (summoned).

Vanquished Creatures
  A ball python (D:2)
  4 bats
  A giant cockroach (D:3)
  A hobgoblin (D:1)
  A jackal (D:1)
  4 frilled lizards
  4 rats
16 creatures vanquished.

Vanquished Creatures (collateral kills)
  Sigmund (D:3)
  2 orc priests (D:3)
  An adder (D:2)
  2 orcs (D:3)
  A ball python (D:1)
  4 endoplasms
  3 giant cockroaches (D:1)
  A hobgoblin (D:1)
  3 jackals (D:1)
  3 goblins
  2 kobolds (D:2)
  A rat (D:2)
24 creatures vanquished.

Grand Total: 40 creatures vanquished

Notes
Turn   | Place    | Note
-------+----------+-------------------------------------------
     0 | D:1      | Engwar the Felid Summoner began the quest for the Orb.
     0 | D:1      | Reached XP level 1. HP: 7/7 MP: 4/4
   238 | D:1      | Reached XP level 2. HP: 10/11 MP: 4/6
   241 | D:1      | Learned a level 2 spell: Call Imp
  1456 | D:2      | Reached XP level 3. HP: 14/14 MP: 4/7
  1460 | D:2      | Learned a level 3 spell: Call Canine Familiar
  2134 | D:3      | Found an iron altar of Okawaru.
  2191 | D:3      | Found a large runed translucent door.
  2192 | D:3      | Found a large runed translucent door.
  2237 | D:3      | Noticed Sigmund
  3031 | D:3      | Killed Sigmund
  3032 | D:3      | Reached skill level 5 in Summonings
  3032 | D:3      | Reached XP level 4. HP: 10/18 MP: 0/10
  3032 | D:3      | Reached XP level 5. HP: 12/21 MP: 0/11
  3036 | D:3      | Learned a level 3 spell: Summon Guardian Golem
  3398 | D:3      | Found a white marble altar of Elyvilon.
  3430 | D:3      | Became a worshipper of Elyvilon the Healer
  3550 | D:3      | Reached skill level 1 in Hexes
  3656 | D:3      | Found a faded altar of an unknown god.
  3765 | D:3      | Killed from afar by an orc priest
  3766 | D:3      | Reached XP level 4. HP: -4/18 MP: 9/11
  3810 | D:3      | Reached XP level 5. HP: 11/21 MP: 9/12
  4050 | D:3      | Found a hide-covered altar of Uskayaw.
  4155 | D:3      | Killed from afar by an orc priest

Illustrated notes

Levels and vault maps discovered:
D:1:      heliophobic_arrival_battle_scene, layout_loops_ring
D:2:      layout_basic, minmay_pentomino_s2
D:3:      cheibrodos_pilgrimage, layout_loops_ring,
          mainiacjoe_overflow_alcove_2, nicolae_dithmenos_the_darkroom,
          elyvilon_altar_3, jmf_multi_god_temple2,
          nicolae_overflow_crystal_walls, shapermc_ecumenical_altar_mp_vishouse,
          uniq_sigmund

Skill      XL: |  1  2  3  4  5 |
---------------+----------------+-----
Stealth        | 3 |  3.0
Dodging        | 3 |  3.2
Spellcasting   | 3 4 |  4.0
Summonings     | 5 |  5.6
Hexes          | 1 |  1.2
Fighting       | |  0.5

Action                   |  1- 3 |  4- 6 || total
-------------------------+-------+-------++-------
Melee: Unarmed           |    32 |    15 ||    47
       Bite              |     2 |     3 ||     5
       Punch             |     2 |     1 ||     3
 Cast: Summon Small Mamm |    19 |     2 ||    21
       Call Imp          |    11 |       ||    11
       Call Canine Famil |     6 |     9 ||    15
  Use: Scroll            |    10 |       ||    10
 Stab: Sleeping          |     6 |     1 ||     7
Armor: Skin              |     3 |     1 ||     4
Dodge: Dodged            |    32 |    10 ||    42

Table legend: (Time is in decaauts)
 A = Elapsed time spent in this place.
 B = Non-inter-level travel time spent in this place.
 C = Inter-level travel time spent in this place.
 D = Time resting spent in this place.
 E = Time spent auto-exploring this place.
 F = Levels seen in this place.
 G = Mean time per level.
                   A        B        C        D        E       F      G
               +--------+--------+--------+--------+--------+-----+--------+
         Total |   3733 |   3595 |    138 |   1293 |   1642 |   3 | 1244.3 |
       Dungeon |   3733 |   3595 |    138 |   1293 |   1642 |   3 | 1244.3 |
               +--------+--------+--------+--------+--------+-----+--------+

Top non-repeatable levels by time:
     D:2: 1577 daAuts
     D:3: 1315 daAuts
     D:1: 839 daAuts
